 Dungeon Crawl Stone Soup version 0.30-a0-723-gc1506a1cf0 (webtiles) character file.

Game seed: 17034013421332506148

1806 kae the Geomancer (level 9, 0/45 HPs)
             Began as a Gargoyle Earth Elementalist on Jan 28, 2023.
             Was a Follower of Elyvilon.
             Slain by a killer bee (7 damage)
             ... on level 5 of the Dungeon.
             The game lasted 00:08:06 (5773 turns).

kae the Geomancer (Gargoyle Earth Elementalist)     Turns: 5773, Time: 00:08:07

Health: 0/45       AC: 10    Str: 18    XL:     9   Next: 9%
Magic:  2/15       EV: 11    Int: 19    God:    Elyvilon [*.....]
Gold:   1453       SH:  5    Dex: 10    Spells: 7/17 levels left

rFire   . . .      SeeInvis .    f - +11 spear "Catusm" {heavy, rCorr Str+5 Stlth-}
rCold   . . .      Faith    .    (no shield)
rNeg    + . .      Spirit   .    a - +1 robe
rPois   ∞          Reflect  +    (no helmet)
rElec   +          Harm     .    o - +0 cloak
rCorr   +          Rampage  .    (no gloves)
Will    .....                    (no boots)
Stlth   +                        e - amulet of reflection
HPRegen 0.27/turn                (no ring)
MPRegen 0.14/turn                (no ring)

@: no status effects
A: sickness immunity, AC +6, negative energy resistance 1, electricity
resistance, torment resistance 1, petrification resistance
a: Renounce Religion, Purification


You were on level 5 of the Dungeon.
You worshipped Elyvilon.
Elyvilon was aware of your devotion.
You visited 2 branches of the dungeon, and saw 7 of its levels.

You collected 1453 gold pieces.


Innate Abilities, Weirdness & Mutations

You are immune to sickness and miasma.
Your stone body is resilient. (AC +6)
You are immune to poison.
You resist negative energy. (rN+)
You are resistant to electric shocks. (rElec)
You are resistant to unholy torment.
You are immune to petrification.


   Skills:
 * Level 4.9 Polearms
 - Level 1.5 Dodging
 - Level 2.1 Stealth
 + Level 4.5 Spellcasting
 * Level 6.3 Conjurations
 - Level 0.7 Transmutations
 * Level 8.7 Earth Magic


You had 7 spell levels left.
You knew the following spells:

 Your Spells              Type           Power      Damage    Failure   Level
a - Sandblast             Erth           74%        2d16      1%          1
b - Passwall              Tmut/Erth      18%        N/A       2%          2
c - Stone Arrow           Conj/Erth      64%        3d11      1%          3
d - Petrify               Tmut/Erth      22%        N/A       19%         4

Your spell library contained the following spells:

 Spells                   Type           Power      Damage    Failure   Level
 Foxfire                  Conj/Fire      64%        2x1d7     3%          1
 Mephitic Cloud           Conj/Pois/Air  12%        N/A       16%         3
 Poisonous Vapours        Pois/Air       8%         N/A       21%         2
 Ozocubu's Armour         Ice            4%         N/A       36%         3
 Fireball                 Conj/Fire      8%         3d6       69%         5
 Freezing Cloud           Conj/Ice/Air   6%         6-21      83%         5
 Starburst                Conj/Fire      8%         6d4       99%         6
 Simulacrum               Ice/Necr       2%         N/A       100%        6
 Ozocubu's Refrigeration  Ice            2%         4d7       100%        7
 Polar Vortex             Ice            2%         N/A       100%        9
 Cigotuvi's Dreadful Rot  Necr/Pois/Air  Unusable   N/A       N/A         2

Inventory:

Hand Weapons
 f - the +11 spear "Catusm" (weapon) {heavy, rCorr Str+5 Stlth-}
   (You found it on level 3 of the Dungeon)

   Str:       It affects your strength (+5).
   rCorr:     It protects you from acid and corrosion.
   Stlth:     It makes you less stealthy.
Missiles
 c - 64 stones
 i - a throwing net {=f!f}
 v - 8 atropa-tipped darts
Armour
 a - a +1 robe (worn)
 o - a +0 cloak (worn)
   (You took it off Crazy Yiuf on level 3 of the Dungeon)
Jewellery
 e - an amulet of reflection (around neck)
   (You found it on level 1 of the Dungeon)
 u - the ring of the Mackerel {Will+ Dex+6}
   (You found it on level 5 of the Dungeon)

   [ring of dexterity]

   Dex:       It affects your dexterity (+6).
   Will:      It increases your willpower.
Scrolls
 k - 3 scrolls of amnesia
 q - a scroll of immolation {!r!r}
Potions
 b - 2 potions of magic
 d - a potion of haste {unknown}
 g - 2 potions of berserk rage {unknown}
 h - 2 potions of brilliance {unknown}
 j - 3 potions of attraction {unknown}
 l - 3 potions of mutation {unknown}
 m - a potion of degeneration {!q}
 n - 2 potions of curing {unknown}
 r - a potion of flight {unknown}
 w - 2 potions of heal wounds {unknown}
 x - a potion of resistance {unknown}

Dungeon Overview and Level Annotations

Branches:
Dungeon (6/15) Zot: 24548  Temple (1/1) D:5 Zot: 5641

Altars:
Cheibriados
Dithmenos
Elyvilon
Gozag
Hepliaklqana
Kikubaaqudgha
Makhleb
Nemelex Xobeh
Okawaru
Ru
Sif Muna
Trog
Uskayaw
Vehumet
Wu Jian
Xom
Yredelemnul

#.##.........#...>...#.....
#.##.###...................
#.##..†......#.......#.#..#
#####.########.#...........#.#.
###.....# #.#.#.#.#.#.#.##..
.....##.# #>............###.
####.##.# #y###.####.#### #.
...#....# #y# #......# ##
...#..###### #@# #.###### ...'..#
##.## #.# #.# ...#..###.#.## #.#
#.############
####..##.###.###.###.............
......#.## ##...........#########
####.#.#.###.###.######.#
##.###.#.#.## #.# #.# ##.##
##.#.## #.# #.# #.## ##..## #.#
#.#########


You could see 2 killer bees.


Message History

The killer bee buzzes angrily.
The killer bee buzzes angrily.
The killer bee attacks as you move away!
The killer bee stings you but does no damage.
The killer bee misses you.
There is a stone staircase leading up here.
Casting: Stone Arrow (safe; 1% risk of failure)
Confirm with . or Enter, or press ? or * to list all spells.
Aiming: Stone Arrow (safe; 1% risk of failure)
Press: ? - help, Shift-Dir - straight line, f - killer bee
Aim: a killer bee (48% to hit)
The stone arrow misses the killer bee.
The killer bee barely misses you.
You block the killer bee's attack. 😎 MP[-3]
You lost 3 mp, and now have 12/15 mp.
Casting: Stone Arrow (safe; 1% risk of failure)
Confirm with . or Enter, or press ? or * to list all spells.
Aiming: Stone Arrow (safe; 1% risk of failure)
Press: ? - help, Shift-Dir - straight line, f/p - killer bee
Aim: a killer bee (48% to hit)
The stone arrow hits the killer bee!!
You kill the killer bee!
A killer bee comes into view. 😎 MP[-3]
You lost 3 mp, and now have 9/15 mp.
Casting: Stone Arrow (safe; 1% risk of failure)
Confirm with . or Enter, or press ? or * to list all spells.
Aiming: Stone Arrow (safe; 1% risk of failure)
Press: ? - help, Shift-Dir - straight line, f - killer bee
Aim: a killer bee (48% to hit)
The stone arrow hits the killer bee!
The killer bee buzzes angrily.
A killer bee comes into view. 😎 MP[-3]
You lost 3 mp, and now have 6/15 mp.
Casting: Stone Arrow (safe; 1% risk of failure)
Confirm with . or Enter, or press ? or * to list all spells.
Aiming: Stone Arrow (safe; 1% risk of failure)
Press: ? - help, Shift-Dir - straight line, f/p - killer bee
Aim: a killer bee (almost dead, 48% to hit)
The stone arrow hits the killer bee!
You kill the killer bee! 😎 MP[-3]
You lost 3 mp, and now have 3/15 mp.
Casting: Stone Arrow (safe; 1% risk of failure)
Confirm with . or Enter, or press ? or * to list all spells.
Aiming: Stone Arrow (safe; 1% risk of failure)
Press: ? - help, Shift-Dir - straight line, f - killer bee
Aim: a killer bee (48% to hit)
The stone arrow hits the killer bee!!
You kill the killer bee! 😎 MP[-3]
You lost 3 mp, and now have 0/15 mp.
The killer bee stings you but does no damage. x2
The killer bee barely misses you.
The killer bee stings you but does no damage.
You climb upwards.
There is a stone staircase leading down here. 😎 MP[+1]
You closely miss the killer bee.
The killer bee stings you but does no damage.
The killer bee stings you. x2; The killer bee closely misses you.
You closely miss the killer bee. You block the killer bee's attack.
The killer bee stings you! The killer bee stings you.
The killer bee stings you but does no damage.
The killer bee closely misses you. The killer bee stings you. 😮 HP[-20]
You take 20 damage, and now have 25/45 hp.
MASSIVE DAMAGE!! (PAUSE)
The killer bee attacks as you move away!
The killer bee barely misses you. The killer bee completely misses you.
The killer bee stings you.
* * * LOW HITPOINT WARNING * * *
The killer bee misses you. 😨 HP[-5]
You take 5 damage, and now have 20/45 hp.
The killer bee closely misses you.
The killer bee attacks as you move away!
The killer bee stings you but does no damage.
The killer bee closely misses you.
You miss the killer bee. Your punch misses the killer bee.
The killer bee barely misses you.
The killer bee stings you but does no damage. 😨 HP[+1] MP[+1]
You puncture the killer bee! The killer bee stings you.
* * * LOW HITPOINT WARNING * * *
The killer bee barely misses you. 😨 HP[-6]
You take 6 damage, and now have 15/45 hp.
Unknown command.
You miss the killer bee. The killer bee misses you.
The killer bee stings you but does no damage.
The killer bee stings you!
* * * LOW HITPOINT WARNING * * *
😱 HP[-8]
You take 8 damage, and now have 7/45 hp.
You completely miss the killer bee. The killer bee stings you.
* * * LOW HITPOINT WARNING * * *
The killer bee stings you!
You die...

Skill      XL: |  1  2  3  4  5  6  7  8 |
---------------+-------------------------+-----
Earth Magic    | 4 5 6 7 8 |  8.7
Conjurations   | 1 2 3 4 6 |  6.3
Spellcasting   | 3 4 |  4.5
Polearms       | 1 2 3 4 |  4.9
Dodging        | |  1.5
Stealth        | |  2.1
Transmutations | |  0.7

Action                     |  1- 3 |  4- 6 |  7- 9 || total
---------------------------+-------+-------+-------++-------
  Melee: Unarmed           |    12 |     2 |       ||    14
         Punch             |     1 |       |     1 ||     2
         Spear             |       |    32 |    46 ||    78
   Cast: Sandblast         |    29 |    59 |    17 ||   105
         Stone Arrow       |       |     1 |    35 ||    36
         Passwall          |       |       |     1 ||     1
    Use: Scroll            |       |     3 |     7 ||    10
 Armour: Robe              |     9 |    17 |    37 ||    63
  Dodge: Dodged            |    17 |    30 |    63 ||   110
  Block: Other             |     3 |    11 |    19 ||    33
         Reflection        |       |     1 |       ||     1

Levels and vault maps discovered:
D:1:      amcnicky_arrival_double_pillar, layout_rooms, basic_ecumenical_altar
D:2:      layout_loops_cross, basic_altar
D:3:      layout_loops_ring, uniq_crazy_yiuf_cottage
D:4:      layout_loops_ring, lemuel_doored_altar, grunt_ministairs_8,
          uniq_natasha
D:5:      layout_loops_ring, marbit_many_paths,
          mainiacjoe_overflow_divided_tiny, minmay_temple_entry_glass,
          nrook_mini_vaults, minivault_26
D:6:      layout_gridville, old_standard_altar, zin_statuary,
          old_standard_altar, mainiacjoe_overflow_catwalk, gammafunk_ghost_icy,
          minivault_11, uniq_pikel, uniq_maggie
Temple:   chequers_temple_sunken

Notes
Turn   | Place    | Note
-------+----------+-------------------------------------------
     0 | D:1      | kae the Gargoyle Earth Elementalist began the quest for the
                  | Orb.
     0 | D:1      | Reached XP level 1. HP: 10/10 MP: 3/3
     0 | D:1      | magus.rc [v1.11.3]
   167 | D:1      | Found a faded altar of an unknown god.
   172 | D:1      | Reached skill level 4 in Earth Magic
   173 | D:1      | Reached XP level 2. HP: 15/15 MP: 1/5
   320 | D:1      | You add the spells Ozocubu's Armour and Ozocubu's
                  | Refrigeration to your library.
   499 | D:1      | You pick up a book of Ice and begin reading...
   499 | D:1      | You add the spells Freezing Cloud, Simulacrum and Polar
                  | Vortex to your library.
   640 | D:2      | Found a shadowy altar of Dithmenos.
   658 | D:1      | Reached XP level 3. HP: 14/19 MP: 2/6
   683 | D:1      | Learned a level 2 spell: Passwall
   687 | D:1      | Learned a level 3 spell: Stone Arrow
   726 | D:2      | Reached skill level 1 in Conjurations
   959 | D:2      | Reached skill level 5 in Earth Magic
   959 | D:2      | Reached XP level 4. HP: 24/24 MP: 4/8
  1572 | D:3      | Identified the +11 spear "Catusm" {heavy, rCorr Str+5
                  | Stlth-}
  1578 | D:3      | Reached skill level 2 in Conjurations
  1748 | D:3      | Reached XP level 5. HP: 28/28 MP: 6/9
  2021 | D:3      | Found a runed translucent door.
  2022 | D:3      | Noticed Crazy Yiuf
  2327 | D:3      | HP: 2/28 [Crazy Yiuf/+2 quarterstaff of chaos (7)]
  2330 | D:3      | Killed Crazy Yiuf
  2331 | D:3      | Reached skill level 3 in Spellcasting
  2562 | D:4      | Found an iron altar of Okawaru.
  2657 | D:4      | Noticed a black bear
  2659 | D:4      | Noticed Natasha
  2671 | D:4      | Killed a black bear
  2672 | D:4      | Reached skill level 1 in Polearms
  2672 | D:4      | Reached XP level 6. HP: 19/32 MP: 10/10
  2674 | D:4      | Killed Natasha
  2675 | D:4      | Reached skill level 3 in Conjurations
  2675 | D:4      | Reached skill level 6 in Earth Magic
  2792 | D:4      | Reached skill level 2 in Polearms
  2846 | D:4      | You fall into a shaft and drop 2 floors!
  2846 | D:6      | Found a bloodstained altar of Trog.
  2899 | D:6      | Reached XP level 7. HP: 36/36 MP: 8/12
  2926 | D:6      | Reached skill level 4 in Conjurations
  3007 | D:6      | Noticed Pikel
  3052 | D:5      | Entered Level 5 of the Dungeon
  3052 | D:5      | Found a staircase to the Ecumenical Temple.
  3088 | D:5      | Reached skill level 3 in Polearms
  3088 | D:5      | Reached skill level 7 in Earth Magic
  3095 | Temple   | Entered the Ecumenical Temple
  3364 | Temple   | Became a worshipper of Elyvilon the Healer
  3408 | D:5      | Identified the ring of the Mackerel {Will+ Dex+6}
  3446 | D:5      | Reached XP level 8. HP: 41/41 MP: 13/13
  3450 | D:5      | Found a shimmering altar of Xom.
  3451 | D:5      | Found a radiant altar of Vehumet.
  3538 | D:5      | You pick up a book of Fire and begin reading...
  3538 | D:5      | You add the spells Foxfire, Fireball and Starburst to your
                  | library.
  3726 | D:5      | HP: 9/41 [wight/+0 great sword (16)]
  3732 | D:5      | Elyvilon protects you from harm!
  3972 | D:5      | Reached * piety under Elyvilon
  3973 | D:5      | Identified a scroll of acquirement
  3973 | D:5      | Acquired 1221 gold pieces
  4056 | D:5      | You pick up a book of Vapours and begin reading...
  4056 | D:5      | You add the spells Poisonous Vapours and Mephitic Cloud to
                  | your library.
  4155 | D:5      | Found an ornate altar of the Wu Jian Council.
  4410 | D:4      | Reached skill level 5 in Conjurations
  5048 | D:5      | Learned a level 4 spell: Petrify
  5122 | D:5      | Reached skill level 4 in Spellcasting
  5219 | D:5      | HP: 10/41 [Pikel/+0 whip of freezing (1)]
  5582 | D:5      | Reached skill level 4 in Polearms
  5688 | D:5      | Killed Pikel
  5689 | D:5      | Reached skill level 6 in Conjurations
  5689 | D:5      | Reached skill level 8 in Earth Magic
  5689 | D:5      | Reached XP level 9. HP: 31/45 MP: 12/15
  5772 | D:5      | HP: 7/45 [killer bee (8)]
  5773 | D:5      | Slain by a killer bee

Vanquished Creatures
  Pikel (D:5)
  A water moccasin (D:5)
  4 black bears
  4 lemures (D:5)
  A scorpion (D:4)
  A bullfrog (D:4)
  A necrophage (D:6)
  3 wights (D:5)
  3 killer bees (D:6)
  A jelly (D:5)
  A hound (D:4)
  Crazy Yiuf (D:3)
  Natasha (D:4)
  2 iguanas (D:5)
  2 orc wizards (D:5)
  6 adders
  3 gnolls
  3 worms (D:3)
  4 orcs
  6 bats
  6 endoplasms
  4 giant cockroaches
  7 goblins
  5 hobgoblins
  8 jackals
  5 kobolds
  7 quokkas
  10 ball pythons
  6 frilled lizards
  3 rats
110 creatures vanquished.

Table legend:
 A = Non-vault XP
 B = Vault XP
 C = Vault XP percentage of total XP
 D = Non-vault monster count
 E = Vault monster count
 F = Vault count percentage of total count
                 A         B        C        D         E       F
            +---------+---------+-------+---------+---------+-------
      Total |    1781 |     799 |  31.0 |     100 |       6 |   5.7
            +---------+---------+-------+---------+---------+-------
        D:1 |      55 |       0 |   0.0 |      16 |       0 |   0.0
        D:2 |      81 |       0 |   0.0 |      20 |       0 |   0.0
        D:3 |      45 |      39 |  46.4 |      21 |       1 |   4.5
        D:4 |     389 |      52 |  11.8 |      23 |       3 |  11.5
        D:5 |     663 |     708 |  51.6 |      13 |       2 |  13.3
        D:6 |     548 |       0 |   0.0 |       7 |       0 |   0.0
            +---------+---------+-------+---------+---------+-------

Illustrated notes

Table legend:
 A = Kills in this place as a percentage of kills in entire the game.
 B = Kills by you in this place as a percentage of kills by you in the entire game.
 C = Kills by friends in this place as a percentage of kills by friends in the entire game.
 D = Other kills in this place as a percentage of other kills in the entire game.
 E = Experience gained in this place as a percentage of experience gained in the entire game.
 F = Experience gained in this place divided by the number of levels of this place that you have seen.
                   A       B       C       D       E      F
               +-------+-------+-------+-------+-------+----------------------
         Total | 100.0 | 100.0 |   N/A |   N/A | 100.0 | 368.6
       Dungeon | 100.0 | 100.0 |   N/A |   N/A | 100.0 | 430.0
               +-------+-------+-------+-------+-------+----------------------

Table legend: (Time is in decaauts)
 A = Elapsed time spent in this place.
 B = Non-inter-level travel time spent in this place.
 C = Inter-level travel time spent in this place.
 D = Time resting spent in this place.
 E = Time spent auto-exploring this place.
 F = Levels seen in this place.
 G = Mean time per level.
                   A        B        C        D        E       F      G
               +--------+--------+--------+--------+--------+-----+--------+
         Total |   5912 |   5593 |    319 |    648 |   4140 |   7 |  844.6 |
       Dungeon |   5554 |   5262 |    292 |    611 |   3885 |   6 |  925.7 |
        Temple |    358 |    332 |     26 |     37 |    255 |   1 |  358.0 |
               +--------+--------+--------+--------+--------+-----+--------+

Top non-repeatable levels by time:
     D:5: 1747 daAuts
     D:4: 1074 daAuts
     D:3: 1026 daAuts
     D:2: 763 daAuts
     D:1: 687 daAuts
  Temple: 358 daAuts
     D:6: 253 daAuts
